 Dungeon Crawl Stone Soup version 0.29.1-12-g30fa7ad0bf (webtiles) character file.

Game seed: 17064808834599305246

27 raph the Caller (level 2, -1/15 HPs)
             Began as a Deep Elf Summoner on Dec 22, 2022.
             Slain by a quokka (3 damage)
             ... on level 2 of the Dungeon.
             The game lasted 00:01:29 (1912 turns).

raph the Caller (Deep Elf Summoner)                 Turns: 1912, Time: 00:01:30

Health: -1/15      AC:  2    Str:  5    XL:     2   Next: 93%
Magic:  6/8        EV: 12    Int: 19    God:
Gold:   43         SH:  0    Dex: 15    Spells: 4/7 levels left

rFire   . . .      SeeInvis .   d - +0 dagger
rCold   . . .      Faith    .   (no shield)
rNeg    . . .      Spirit   .   a - +0 robe
rPois   .          Reflect  .   (no helmet)
rElec   .          Harm     .   (no cloak)
rCorr   .          Rampage  .   (no gloves)
Will    .....                   (no boots)
Stlth   ++........              (no amulet)
HPRegen 0.05/turn               (no ring)
MPRegen 0.11/turn               (no ring)

@: no status effects
A: no striking features
a: no special abilities


You were on level 2 of the Dungeon.
You visited 1 branch of the dungeon, and saw 2 of its levels.

You collected 43 gold pieces.

Inventory:

Hand Weapons
 d - a +0 dagger (weapon)
Missiles
 k - 4 poisoned darts
Armour
 a - a +0 robe (worn)
Scrolls
 c - a scroll of blinking {unknown}
 g - a scroll of identify {unknown}
 h - a scroll of vulnerability {unknown}
 j - a scroll of fear {unknown}
 l - a scroll of teleportation {unknown}
Potions
 b - a potion of magic
 e - a potion of mutation {unknown}
 f - a potion of flight {unknown}
 i - a potion of resistance {unknown}


   Skills:
 - Level 2.4 Dodging
 - Level 2.4 Stealth
 - Level 3.0 Spellcasting
 + Level 5.4 Summonings


You had 4 spell levels left.
You knew the following spells:

 Your Spells              Type           Power      Damage    Failure   Level
a - Summon Small Mammal   Summ           92%        N/A       1%          1
b - Call Imp              Summ           23%        N/A       2%          2

Your spell library contained the following spells:

 Spells                   Type           Power      Damage    Failure   Level
 Call Canine Familiar     Summ           23%        N/A       4%          3
 Summon Guardian Golem    Hex/Summ       13%        N/A       16%         3
 Summon Lightning Spire   Summ/Air       13%        N/A       45%         4


Dungeon Overview and Level Annotations

Branches:
Dungeon (2/15)

Altars:


Message History

You hit the worm but do no damage.
The worm is lightly wounded.
The quokka bites you. The worm completely misses you.
Your rat bites the worm.
The quokka bites you. x2
Your white imp hits the worm but does no damage.
You are too injured to fight recklessly!
You are too injured to fight recklessly!
You closely miss the quokka. The quokka misses you.
Your white imp gestures at the quokka.
The puff of frost hits the worm!
Your rat bites the worm.
You hit the quokka.
The quokka is moderately wounded.
The quokka bites you but does no damage.
The worm bites your white imp.
Your rat bites the worm.
Your white imp barely misses the worm.
You strike the helpless worm from behind!
You hit the worm.
You kill the worm!
The quokka completely misses you.
Your rat misses the quokka. You hit the quokka.
The quokka is moderately wounded.
The quokka bites you but does no damage.
Your white imp closely misses the quokka.
Your rat bites the quokka but does no damage.
You hit the quokka.
The quokka is severely wounded.
The quokka bites you.
* * * LOW HITPOINT WARNING * * *
The quokka bites you.
* * * LOW HITPOINT WARNING * * *
Your rat bites the quokka but does no damage.
Your white imp barely misses the quokka.
You completely miss the quokka.
The quokka is severely wounded.
The quokka closely misses you.
Your rat bites the quokka.
Your white imp hits the quokka but does no damage.
You hit the quokka but do no damage.
The quokka is almost dead.
The quokka bites you.
You die...

##.#...# #.#
#......# #.#
#...#.###
#.####
##...+...
#.....
#....#.####
######
#<.......$#
######.##.#
###5##.#
#.rr@..#
#...........
#.....######
###+###


You could see a quokka (ally target), a friendly white imp (summoned) and a
friendly rat (summoned).

Vanquished Creatures
  A worm (D:2)
  A ball python (D:1)
  An endoplasm (D:1)
  A giant cockroach (D:2)
  A goblin (D:2)
  A quokka (D:1)
  2 frilled lizards (D:1)
  A rat (D:1)
9 creatures vanquished.

Vanquished Creatures (collateral kills)
  A dart slug (D:1)
  An endoplasm (D:2)
  3 hobgoblins (D:1)
  2 ball pythons (D:1)
  3 bats
  2 rats
12 creatures vanquished.

Grand Total: 21 creatures vanquished

Notes
Turn   | Place    | Note
-------+----------+-------------------------------------------
     0 | D:1      | raph the Deep Elf Summoner began the quest for the Orb.
     0 | D:1      | Reached XP level 1. HP: 10/10 MP: 6/6
   333 | D:1      | Found a faded altar of an unknown god.
   492 | D:1      | Reached XP level 2. HP: 10/15 MP: 6/8
   596 | D:1      | Learned a level 2 spell: Call Imp
   610 | D:1      | Reached skill level 5 in Summonings
  1797 | D:2      | Identified the +6 spear "Ebebyq" {venom, Dex+2}
  1912 | D:2      | Slain by a quokka

Illustrated notes

Levels and vault maps discovered:
D:1:      roderic_crop_circles_arrival_small, layout_basic,
          hellmonk_ecumenical_altar_zigzags, chequers_serial_rivers_micro_a,
          hex_medium, fountainhead
D:2:      minmay_chambers_of_twos, layout_basic, minmay_fractal_squares_5,
          uniq_natasha, uniq_crazy_yiuf_cottage

Skill      XL: |  1  2 |
---------------+-------+-----
Summonings     | 5 |  5.4
Dodging        | |  2.4
Stealth        | |  2.4
Spellcasting   | |  3.0

Action                   || total
-------------------------++-------
Melee: Dagger            ||    46
 Cast: Summon Small Mamm ||    12
       Call Imp          ||     6
 Stab: Sleeping          ||     1
       Distracted        ||     1
Armor: Robe              ||     9
Dodge: Dodged            ||    34
